 Dungeon Crawl Stone Soup version 0.21-a0-142-gdd972a7 (webtiles) character file.

38 drasked the Skirmisher (level 3, -2/29 HPs)
             Began as a Hill Orc Fighter on July 22, 2017.
             Slain by an adder (4 damage)
             ... on level 1 of the Dungeon.
             The game lasted 00:01:49 (1007 turns).

drasked the Skirmisher (Hill Orc Fighter)           Turns: 1007, Time: 00:01:50

Health: -2/29      AC:  6    Str: 24    XL:     3   Next: 43%
Magic:  3/3        EV:  7    Int:  8    God:
Gold:   25         SH:  9    Dex: 10    Spells: 2/2 levels left

rFire    . . .     SeeInvis .   a - +0 flail
rCold    . . .     Gourm    .   c - +0 shield
rNeg     . . .     Faith    .   b - +0 scale mail
rPois    .         Spirit   .   (no helmet)
rElec    .         Reflect  .   (no cloak)
rCorr    .         Harm     .   (no gloves)
MR       .....                  (no boots)
Stlth    ..........             (no amulet)
HPRegen  0.09/turn              (no ring)
MPRegen  0.08/turn              (no ring)

@: mighty, lethally poisoned (-2 -> -8)
A: frail 1, mutation resistance 1
a: no special abilities


You were on level 1 of the Dungeon.
You were hungry.

You visited 1 branch of the dungeon, and saw 2 of its levels.

You collected 25 gold pieces.

Inventory:

Hand Weapons
 a - a +0 flail (weapon)
Armour
 b - a +0 scale mail (worn)
 c - a +0 shield (worn)
 j - a +0 plate armour
   (You found it on level 1 of the Dungeon)
Jewellery
 g - an uncursed ring of magical power {unknown}
   (You found it on level 1 of the Dungeon)
Scrolls
 h - a scroll of remove curse {unknown}
 n - a scroll of teleportation {unknown}
Potions
 e - a potion of lignification {unknown}
 i - a potion of agility {unknown}
 k - 2 potions of cancellation {unknown}
 l - a potion of mutation {!q}
 m - a potion of berserk rage {unknown}
Comestibles
 f - a bread ration {@e1}


   Skills:
 + Level 3.9 Fighting
 * Level 3.0 Maces & Flails
 + Level 3.4 Armour
 + Level 3.9 Shields


You had 2 spell levels left.
You didn't know any spells.

Dungeon Overview and Level Annotations

Branches:
Dungeon (2/15)

Altars:


Innate Abilities, Weirdness & Mutations

You are frail. (-10% HP)
You are somewhat resistant to further mutation.


Message History

Done exploring.
Done exploring.
There is a stone staircase leading down here.
You climb downwards.
A giant cockroach and a hobgoblin come into view.
The hobgoblin shouts!
There is a stone staircase leading up here.
A kobold comes into view. It is wielding a short sword.
Your shield and scale mail prevent you from hitting the giant cockroach.
The kobold shouts!
The giant cockroach barely misses you. x2
You hit the giant cockroach.
You kill the giant cockroach!
An adder and a kobold come into view.
You closely miss the hobgoblin.
The adder hisses angrily.
You block the hobgoblin's attack. The hobgoblin closely misses you.
A leopard gecko comes into view.
The leopard gecko hisses angrily.
You hit the hobgoblin. You block the hobgoblin's attack.
You hit the hobgoblin.
You kill the hobgoblin!
You block the kobold's attack.
A dart slug comes into view.
You sock the kobold!
You kill the kobold!
The adder closely misses you.
You are feeling hungry.
You closely miss the adder. The adder bites you but does no damage.
You block the kobold's attack. The adder bites you but does no damage.
You miss the adder. You block the kobold's attack. The adder bites you.
You are poisoned.
The adder poisons you! The kobold hits you with a dagger.
The adder bites you but does no damage.
You take 4 damage, and have 29/33 hp.
You closely miss the adder.
You feel sick. You block the adder's attack. The kobold hits you with a dagger.
The leopard gecko bites you but does no damage.
The adder completely misses you.
You take 3 damage, and have 26/33 hp.
You miss the adder. The kobold hits you but does no damage.
You block the leopard gecko's attack. The adder barely misses you.
You block the kobold's attack.
Your shield prevents you from hitting the adder.
You feel sick. The leopard gecko barely misses you. The adder bites you.
The dart slug bites you.
The leopard gecko bites you but does no damage.
The kobold barely misses you. The adder bites you.
You are more poisoned.
The adder poisons you!
You take 10 damage, and have 16/33 hp.
MASSIVE DAMAGE!!
The dart slug bites you but does no damage.
There is a stone staircase leading up here.
You feel sick. The leopard gecko closely misses you.
The adder bites you but does no damage. The dart slug launches a dart at you.
You block the slug dart.
You climb upwards.
You feel sick.
There is a stone staircase leading down here.
You take 1 damage, and have 15/33 hp.
You hit the adder.
You feel sick. The adder bites you. The leopard gecko barely misses you.
You block the adder's attack. You block the leopard gecko's attack.
You take 2 damage, and have 13/33 hp.
You closely miss the adder. The adder bites you.
You block the leopard gecko's attack. The adder bites you.
The leopard gecko closely misses you.
You take 3 damage, and have 10/33 hp.
You closely miss the adder.
You feel sick. The adder bites you but does no damage.
You block the leopard gecko's attack. You block the adder's attack.
You take 1 damage, and have 9/33 hp.
You closely miss the adder.
You feel sick. You block the leopard gecko's attack. The adder bites you.
* * * LOW HITPOINT WARNING * * *
You are more poisoned.
The adder poisons you! The leopard gecko bites you.
* * * LOW HITPOINT WARNING * * *
You take 3 damage, and have 6/33 hp.
It was a potion of mutation.
You feel extremely strange.
You feel frail.
You feel genetically stable. You block the adder's attack.
The leopard gecko bites you.
* * * LOW HITPOINT WARNING * * *
The adder bites you but does no damage.
You take 1 damage, and have 5/29 hp.
You are too injured to fight recklessly!
You feel very mighty all of a sudden.
* * * LOW HITPOINT WARNING * * *
You feel sick. The leopard gecko bites you.
* * * LOW HITPOINT WARNING * * *
You block the adder's attack.
You take 2 damage, and have 3/29 hp.
Your shield and scale mail prevent you from hitting the adder.
* * * LOW HITPOINT WARNING * * *
You feel sick. You block the leopard gecko's attack.
You block the adder's attack. The leopard gecko bites you.
* * * LOW HITPOINT WARNING * * *
The adder bites you.
You die...

################ ######
#.......†......# .....#
#.############.## ####.# #.#
#...#### #.# #.# #......### # #.#
#.# ####......... # #.# #.#
##......##.... ## #.#
#.#######...########## .# #.#
#...S@lw..#..# .###.#
#..######....# ..##.#######..#
##.#.# #.##..........#
#.#.########
#..##########.#######.#....(...##
##.# #..........).........
##.##### #..######.########...
.......######..######....).......
##+####...##.......##..#######..#


You could see an adder, a dart slug and a leopard gecko.

Vanquished Creatures
  A dart slug (D:1)
  2 leopard geckos (D:1)
  3 bats (D:1)
  3 giant cockroaches
  5 goblins (D:1)
  5 hobgoblins
  3 jackals (D:1)
  A frilled lizard (D:1)
  4 kobolds
  2 rats (D:1)
29 creatures vanquished.

Notes
Turn   | Place    | Note
-------+----------+-------------------------------------------
     0 | D:1      | drasked the Hill Orc Fighter began the quest for the Orb.
     0 | D:1      | Reached XP level 1. HP: 19/19 MP: 1/1
   297 | D:1      | Reached XP level 2. HP: 27/27 MP: 2/2
   559 | D:1      | Reached XP level 3. HP: 25/33 MP: 3/3
   903 | D:1      | Reached skill level 3 in Maces & Flails
  1004 | D:1      | HP: 8/33 [poisoned by an adder]
  1005 | D:1      | Gained mutation: You are frail. (-10% HP) [potion of mutation]
  1005 | D:1      | Gained mutation: You are somewhat resistant to further mutation. [potion of mutation]
  1006 | D:1      | HP: 3/29 [leopard gecko (1)]
  1007 | D:1      | Slain by an adder

Vault maps used:
D:1:      dpeg_arrival_yet_another_circle
D:2:      st_stairs_13, uniq_robin, uniq_sigmund

Skill      XL: |  1  2  3 |
---------------+----------+-----
Maces & Flails | 3 |  3.0
Fighting       | |  3.9
Armour         | |  3.4
Shields        | |  3.9

Action                   || total
-------------------------++-------
Melee: Flail             ||   113
  Use: Potion            ||     2
Armor: Scale mail        ||    53
Dodge: Dodged            ||    54
Block: Shield            ||    76

Vault maps used:
D:1:      dpeg_arrival_yet_another_circle
D:2:      st_stairs_13, uniq_robin, uniq_sigmund

Table legend:
 A = Turns spent in this place as a percentage of turns spent in the entire game.
 B = Non-inter-level travel turns spent in this place as a percentage of non-inter-level travel turns spent in the entire game.
 C = Inter-level travel turns spent in this place as a percentage of turns spent in this place.
 D = Turns resting spent in this place as a percentage of non-inter-level travel turns spent in this place.
 E = Turns spent auto-exploring this place as a percentage of non-inter-level travel turns spent in this place.
 F = Non-inter-level travel turns spent in this place divided by the number of levels of this place that you've seen.
                   A       B       C       D       E      F
               +-------+-------+-------+-------+-------+----------------------
         Total | 100.0 | 100.0 |   0.3 |   1.8 |  11.6 | 164.5
       Dungeon | 100.0 | 100.0 |   0.3 |   1.8 |  11.6 | 164.5
               +-------+-------+-------+-------+-------+----------------------

Table legend:
 A = Kills in this place as a percentage of kills in entire the game.
 B = Kills by you in this place as a percentage of kills by you in the entire game.
 C = Kills by friends in this place as a percentage of kills by friends in the entire game.
 D = Other kills in this place as a percentage of other kills in the entire game.
 E = Experience gained in this place as a percentage of experience gained in the entire game.
 F = Experience gained in this place divided by the number of levels of this place that you have seen.
                   A       B       C       D       E      F
               +-------+-------+-------+-------+-------+----------------------
         Total | 100.0 | 100.0 |  -nan |  -nan | 100.0 |  27.5
       Dungeon | 100.0 | 100.0 |  -nan |  -nan | 100.0 |  27.5
               +-------+-------+-------+-------+-------+----------------------
